 Dungeon Crawl Stone Soup version 0.26.1-2-gb8aa6d0cf2 (webtiles) character file.

Game seed: 8926065332290220533

99 H0rd4k the Charlatan (level 5, 0/38 HPs)
             Began as a Human Artificer on Mar 23, 2021.
             Slain by a white imp (3 damage)
             ... on level 3 of the Dungeon.
             The game lasted 00:03:13 (3316 turns).

H0rd4k the Charlatan (Human Artificer)              Turns: 3316, Time: 00:03:14

Health: 0/38       AC:  3    Str: 13    XL:     5   Next: 2%
Magic:  0/5        EV: 11    Int: 12    God:
Gold:   105        SH:  0    Dex: 13    Spells: 4/4 levels left

rFire    + . .     SeeInvis .   c - +0 dagger
rCold    . . .     Faith    .   (no shield)
rNeg     . . .     Spirit   +   b - +0 leather armour
rPois    .         Reflect  .   (no helmet)
rElec    .         Harm     .   (no cloak)
rCorr    .         Rampage  .   (no gloves)
Will     +....                  (no boots)
Stlth    ++........             r - amulet of guardian spirit
HPRegen  0.12/turn              j - ring of protection from fire
MPRegen  0.09/turn              t - ring of willpower

@: no status effects
A: no striking features
a: no special abilities


You were on level 3 of the Dungeon.
You visited 1 branch of the dungeon, and saw 3 of its levels.

You collected 105 gold pieces.

Inventory:

Hand Weapons
 a - a +0 club
 c - a +0 dagger (weapon)
Armour
 b - a +0 leather armour (worn)
Jewellery
 j - a ring of protection from fire (left hand)
 r - an amulet of guardian spirit (around neck)
 t - a ring of willpower (right hand)
 w - an uncursed ring of flight
Wands
 d - a wand of enslavement (12)
 e - a wand of random effects (3)
Scrolls
 g - a scroll of fog {unknown}
 h - a scroll of remove curse
 n - a scroll of noise {unknown}
 o - a scroll of amnesia {unknown}
 s - 2 scrolls of magic mapping {unknown}
 u - a scroll of enchant weapon {unknown}
 v - 3 scrolls of identify {unknown}
Potions
 f - a potion of attraction {unknown}
 i - 3 potions of haste {unknown}
 k - 2 potions of lignification {unknown}
 l - a potion of curing {unknown}
 m - a potion of magic {unknown}
 p - a potion of cancellation {unknown}
 q - a potion of heal wounds {unknown}


   Skills:
 + Level 1.8 Fighting
 + Level 2.7 Armour
 + Level 1.4 Dodging
 + Level 2.0 Stealth
 + Level 4.0 Evocations


You had 4 spell levels left.
You didn't know any spells.
Your spell library contained the following spells:

 Spells                   Type           Power        Failure   Level
 Animate Skeleton         Necr           0%           38%         1
 Apportation              Tloc           0%           38%         1
 Corona                   Hex            0%           38%         1
 Summon Small Mammal      Summ           0%           38%         1


Dungeon Overview and Level Annotations

Branches:
Dungeon (3/15)

Altars:

Annotations:
D:2 exclusion: downstairs


Message History

You hit the white imp.
The white imp is severely wounded.
The white imp summons a swarm of flies.
The white imp gestures at you. The puff of frost hits you!
* * * LOW HITPOINT WARNING * * *
You barely miss the white imp.
The white imp is severely wounded.
The white imp gestures at you. The puff of frost hits you.
* * * LOW HITPOINT WARNING * * *
You hit the white imp but do no damage.
The white imp is severely wounded.
The white imp misses you.
You barely miss the white imp.
The white imp is severely wounded.
The white imp hits you.
* * * LOW HITPOINT WARNING * * *
The white imp freezes you.
You die...

######### #..# ##.#
#####################.#
###8#.......).[..........>#
.(....†.....rr.r....#######
!.....#############.#######
..?.. .........".........
###8 ###########.####### #
#@5rr...#.# #######.#.#
#.#r# #.#.# #r#r# #r#r#
#.#.# #.#5# #.#.#


You could see a white imp and 2 rats.

Vanquished Creatures
  A gnoll (D:2)
  5 adders
  An ooze (D:2)
  2 worms (D:2)
  A dart slug (D:2)
  A giant cockroach (D:2)
  6 goblins
  2 hobgoblins
  2 quokkas (D:2)
  A ball python (D:3)
  2 bats
  2 frilled lizards
  2 kobolds (D:2)
  4 rats
32 creatures vanquished.

Vanquished Creatures (collateral kills)
  A gnoll (D:2)
1 creature vanquished.

Vanquished Creatures (others)
  A gnoll (D:2)
1 creature vanquished.

Grand Total: 34 creatures vanquished

Notes
Turn   | Place    | Note
-------+----------+-------------------------------------------
     0 | D:1      | H0rd4k the Human Artificer began the quest for the Orb.
     0 | D:1      | Reached XP level 1. HP: 15/15 MP: 1/1
   437 | D:1      | Reached XP level 2. HP: 15/21 MP: 2/2
  1202 | D:2      | Reached XP level 3. HP: 26/26 MP: 3/3
  1797 | D:2      | Reached XP level 4. HP: 18/32 MP: 4/4
  2093 | D:2      | Reached skill level 4 in Evocations
  3069 | D:3      | Reached XP level 5. HP: 26/38 MP: 3/5
  3316 | D:3      | Slain by a white imp

Illustrated notes

Levels and vault maps discovered:
D:1:      minmay_arrival_split_and_join, layout_loops_ring
D:2:      layout_loops_corners
D:3:      layout_basic, nicolae_overflow_crystal_walls, serial_corexii_hall,
          corexii_hall_statues_l, corexii_hall_statues_i

Skill      XL: |  1  2  3  4 |
---------------+-------------+-----
Evocations     | 4 |  4.0
Stealth        | 2 |  2.0
Fighting       | |  1.8
Armour         | |  2.7
Dodging        | |  1.4

Action                   |  1- 3 |  4- 6 || total
-------------------------+-------+-------++-------
Melee: Club              |    54 |    30 ||    84
       Dagger            |       |    43 ||    43
Evoke: Wand              |    13 |    17 ||    30
  Use: Scroll            |       |     1 ||     1
 Stab: Sleeping          |     5 |     1 ||     6
       Confused          |       |     2 ||     2
Armor: Leather armour    |    16 |    12 ||    28
Dodge: Dodged            |    38 |    57 ||    95
